 Dungeon Crawl Stone Soup version 0.28.0 (webtiles) character file.

Game seed: 5905802594418399374

1201 Anon1729 the Insei (level 8, -3/48 HPs)
             Began as an Octopode Transmuter on Feb 17, 2022.
             Was a Believer of Fedhas.
             Slain by a bullfrog (6 damage)
             ... on level 5 of the Dungeon.
             The game lasted 00:07:54 (7167 turns).

Anon1729 the Insei (Octopode Transmuter)            Turns: 7167, Time: 00:07:56

Health: -3/48      AC:  1    Str:  9    XL:     8   Next: 44%
Magic:  9/12       EV: 13    Int: 18    God:    Fedhas [**....]
Gold:   237        SH:  5    Dex: 12    Spells: 5/11 levels left

rFire   . . .      SeeInvis +     - Unarmed
rCold   + . .      Faith    .   (no shield)
rNeg    . . .      Spirit   .   (helmet currently unavailable)
rPois   .          Reflect  +   n - amulet of reflection
rElec   .          Harm     .   d - ring of see invisible
rCorr   .          Rampage  .   r - ring of protection from cold
Will    +....                   y - ring of willpower
Stlth   ++........              (no ring)
HPRegen 0.16/turn               (no ring)
MPRegen 0.13/turn               (no ring)
                                (no ring)
                                (no ring)

@: appendages, very slightly contaminated, studying Shields
A: tentacle spike 3, almost no armour, amphibious, 8 rings, camouflage 1,
gelatinous body 1, (nimble swimmer 1), tentacles
a: End Transformation, Renounce Religion, Wall of Briars


You were on level 5 of the Dungeon.
You worshipped Fedhas.
Fedhas was pleased with you.
One of your tentacles had grown a beastly spike.
You visited 1 branch of the dungeon, and saw 6 of its levels.

You collected 237 gold pieces.

Inventory:

Missiles
 e - 3 poisoned darts
 g - 2 throwing nets
 u - 6 curare-tipped darts
Armour
 x - a +1 hat (melded)
Magical Staves
 b - a staff of conjuration
Jewellery
 d - a ring of see invisible (left tentacle)
 n - an amulet of reflection (around mantle)
 r - a ring of protection from cold (right tentacle)
 y - a ring of willpower (on tentacle)
Wands
 t - a wand of polymorph (9)
 w - a wand of paralysis (7)
Scrolls
 f - 2 scrolls of teleportation {unknown}
 i - a scroll of vulnerability {unknown}
 j - a scroll of silence {unknown}
 l - 2 scrolls of identify {unknown}
 m - 2 scrolls of enchant armour {unknown}
 o - a scroll of noise {unknown}
 s - a scroll of fog {unknown}
 v - a scroll of brand weapon {unknown}
Potions
 a - 2 potions of haste {unknown}
 c - 2 potions of lignification {unknown}
 h - 4 potions of curing
 k - 2 potions of degeneration {unknown}
 p - a potion of flight {unknown}
 q - 2 potions of heal wounds {unknown}
 z - a potion of attraction {unknown}


   Skills:
 - Level 1.0 Fighting
 - Level 2.0 Dodging
 + Level 7.0 Unarmed Combat
 - Level 2.0 Spellcasting
 + Level 5.6 Transmutations
 + Level 5.6 Invocations


You had 5 spell levels left.
You knew the following spells:

 Your Spells              Type           Power      Damage    Failure   Level
a - Beastly Appendage     Tmut           44%        N/A       1%          1
b - Wereblood             Tmut           22%        N/A       2%          2
c - Spider Form           Tmut/Pois      11%        N/A       17%         3

Your spell library contained the following spells:

 Spells                   Type           Power      Damage    Failure   Level
 Shock                    Conj/Air       4%         1d3       19%         1
 Ignite Poison            Fire/Tmut/Pois 8%         N/A       26%         3
 Conjure Flame            Conj/Fire      1%         6-21      47%         3
 Swiftness                Air            1%         N/A       47%         3
 Ice Form                 Ice/Tmut       11%        N/A       50%         4
 Airstrike                Air            0%         N/A       87%         4
 Sticky Flame             Conj/Fire      1%         2d3       87%         4


Dungeon Overview and Level Annotations

Branches:
Dungeon (6/15)
 Temple: D:4-7

Altars:
Fedhas
Gozag
Qazlal

Annotations:
D:3 3 runed translucent doors, robertstho's ghost, amateur DEEE
D:5 2 transporters, adperon's ghost, novice VSFi


Innate Abilities, Weirdness & Mutations

One of your tentacles has grown a beastly spike.
You cannot wear most types of armour.
You are amphibious.
You can wear up to eight rings at the same time.
Your skin changes colour to match your surroundings (Stealth+).
Your rubbery body absorbs attacks. (AC +1, EV +1)
((You are camouflaged when in or above water. (Stealth+)))
You have tentacles for arms and can constrict up to eight enemies at once.


Message History

You pierce the scorpion.
The scorpion is heavily wounded.
You constrict the scorpion, but do no damage.
You feel sick. The scorpion stings you.
You tentacle-slap the scorpion.
Your tentacle spike misses the scorpion.
You squeeze the scorpion.
The scorpion is almost dead.
You constrict the scorpion, but do no damage.
You feel sick. The scorpion stings you.
You tentacle-slap the scorpion but do no damage.
You pierce the scorpion.
You kill the scorpion!
Fedhas appreciates your contribution to the ecosystem.
You feel sick. The bullfrog hits you!
Your Unarmed Combat skill increases to level 7!
You feel sick.
You feel sick. The bullfrog hits you.
* * * LOW HITPOINT WARNING * * *
You feel sick.
You feel sick. The bullfrog hits you.
* * * LOW HITPOINT WARNING * * *
You feel sick.
You are no longer poisoned.
There is a stone staircase leading up here.
You feel better. You block the bullfrog's attack.
The bullfrog closely misses you. The bullfrog misses you.
You climb upwards.
Level annotation: 2 transporters, adperon's ghost, novice VSFi
There is a stone staircase leading down here.
Casting: Beastly Appendage (safe; 1% risk of failure)
Confirm with . or Enter, or press ? or * to list all spells.
You miscast Spider Form.
You are very lightly contaminated with residual magic.
Nothing appears to happen.
The bullfrog hits you!
* * * LOW HITPOINT WARNING * * *
The bullfrog hits you.
You die...
Fedhas appreciates your contribution to the ecosystem.

...8##.....##............##
#####...#...####.[........#
©.......#....# #.........##
.............###.........#
.#....#.......[.........##
####..#...#.......÷#.....#
# #.#########....##.....# #
### #..F........# #
###@..#....## # ##.###.###
## ### ### .# ## ## .# ##


You could see a bullfrog.

Vanquished Creatures
  Sigmund (D:2)
  Edmund (D:3)
  A black bear (D:5)
  2 ogres (D:5)
  3 scorpions
  A water moccasin skeleton (D:5)
  A howler monkey (D:5)
  2 bullfrog zombies (D:5)
  4 hounds
  An orc priest (D:3)
  3 iguanas
  4 adders
  2 ufetubi
  An adder skeleton (D:4)
  5 worms
  3 dart slugs
  5 orcs
  4 endoplasms
  2 goblins (D:4)
  6 hobgoblins
  4 jackals (D:3)
  3 kobolds
  3 quokkas
  7 ball pythons
  4 bats
  3 frilled lizards (D:2)
  6 rats
82 creatures vanquished.

Notes
Turn   | Place    | Note
-------+----------+-------------------------------------------
     0 | D:1      | Anon1729 the Octopode Transmuter began the quest for the
                  | Orb.
     0 | D:1      | Reached XP level 1. HP: 13/13 MP: 3/3
   291 | D:1      | Reached XP level 2. HP: 18/18 MP: 3/5
   688 | D:1      | Found a faded altar of an unknown god.
   688 | D:1      | Noticed a neqoxec
   758 | D:2      | Noticed Sigmund
   845 | D:2      | Reached skill level 4 in Unarmed Combat
   845 | D:2      | Reached XP level 3. HP: 20/23 MP: 4/6
   848 | D:2      | Learned a level 2 spell: Wereblood
   852 | D:2      | Learned a level 3 spell: Spider Form
  1403 | D:2      | Found a blossoming altar of Fedhas.
  1423 | D:2      | Became a worshipper of Fedhas Madash
  2211 | D:3      | Reached XP level 4. HP: 20/28 MP: 7/7
  2233 | D:3      | Reached skill level 1 in Invocations
  2725 | D:3      | Found a runed translucent gate.
  2726 | D:3      | Found a runed translucent gate.
  2726 | D:3      | Found a runed translucent gate.
  2726 | D:3      | Noticed a kobold brigand
  2726 | D:3      | Noticed robertstho's ghost (amateur DEEE)
  3322 | D:4      | Reached * piety under Fedhas
  3507 | D:4      | Noticed Edmund
  3742 | D:3      | Killed Edmund
  3743 | D:3      | Reached skill level 5 in Unarmed Combat
  3743 | D:3      | Reached XP level 5. HP: 16/33 MP: 5/8
  3743 | D:3      | Reached XP level 6. HP: 19/38 MP: 5/9
  3999 | D:2      | Killed Sigmund
  4959 | D:4      | Reached XP level 7. HP: 22/43 MP: 8/10
  5309 | D:4      | Reached skill level 6 in Unarmed Combat
  5784 | D:5      | Entered Level 5 of the Dungeon
  6012 | D:5      | Found a transporter.
  6026 | D:5      | Found a stormy altar of Qazlal.
  6041 | D:5      | Noticed adperon's ghost (novice VSFi)
  6112 | D:5      | Found a transporter.
  6382 | D:5      | Reached skill level 5 in Transmutations
  6382 | D:5      | Reached XP level 8. HP: 9/48 MP: 9/11
  6720 | D:5      | Reached skill level 5 in Invocations
  6812 | D:5      | Found an opulent altar of Gozag.
  6812 | D:5      | Found a blossoming altar of Fedhas.
  7030 | D:5      | Reached ** piety under Fedhas
  7159 | D:6      | Reached skill level 7 in Unarmed Combat
  7163 | D:6      | HP: 2/48 [poisoned by a scorpion]
  7167 | D:5      | Slain by a bullfrog

Illustrated notes

Levels and vault maps discovered:
D:1:      dpeg_arrival_shelter, layout_loops_ring,
          dreamdust_ecumenical_altar_sealed_demon
D:2:      layout_loops_ring, basic_altar, uniq_sigmund
D:3:      cheibrodos_old_hovel, layout_basic, gammafunk_ghost_nasty_kobolds
D:4:      layout_basic, uniq_edmund
D:5:      layout_cave_pools, chequers_temple_overflow_statue_of_worship,
          mainiacjoe_overflow_six_doors_small, gammafunk_ghost_arena,
          minmay_crystal_room
D:6:      layout_loops_ring, serial_park_tiny_pond, minmay_puff, uniq_eustachio

Skill      XL: |  1  2  3  4  5  6  7  8 |
---------------+-------------------------+-----
Unarmed Combat | 4 5 6 7 |  7.0
Invocations    | 2 3 4 5 |  5.6
Transmutations | 3 4 5 |  5.6
Fighting       | |  1.0
Dodging        | |  2.0
Spellcasting   | |  2.0

Action                   |  1- 3 |  4- 6 |  7- 9 || total
-------------------------+-------+-------+-------++-------
Melee: Unarmed           |    86 |    72 |    92 ||   250
       Kick              |    11 |    12 |    27 ||    50
       Constrict         |    22 |    15 |    16 ||    53
       Tentacles         |    21 |    10 |    18 ||    49
       Punch             |     8 |     1 |     1 ||    10
 Cast: Beastly Appendage |    14 |     9 |    17 ||    40
       Spider Form       |       |     3 |     5 ||     8
  Use: Potion            |       |       |     1 ||     1
 Stab: Sleeping          |     5 |     2 |     1 ||     8
Armor: Skin              |     9 |     2 |     5 ||    16
Dodge: Dodged            |    48 |    41 |    51 ||   140
Block: Other             |       |     4 |    14 ||    18
